 Dungeon Crawl Stone Soup version 0.20-a0-1126-g0f15420 (webtiles) character file.

19111 HAL9000 the Carver (level 12, -6/108 HPs)
             Began as a Gargoyle Berserker on May 17, 2017.
             Was a High Priest of Trog.
             Mangled by a spiny frog (13 damage)
             ... on level 4 of the Lair of Beasts.
             The game lasted 00:35:46 (16596 turns).

HAL9000 the Carver (Gargoyle Berserker)            Turns: 16596, Time: 00:35:46

Health: -6/108     AC: 26    Str: 23    XL:     12   Next: 65%
Magic:  12/12      EV:  2    Int: 10    God:    Trog [*****.]
Gold:   845        SH: 13    Dex: 17    Spells: 11/11 levels left

rFire    . . .     SeeInvis .   G - +0 scimitar
rCold    + . .     Gourm    +   J - +0 shield
rNeg     + + +     Faith    .   (armour currently unavailable)
rPois    ∞         Spirit   .   (helmet currently unavailable)
rElec    .         Reflect  .   (cloak currently unavailable)
rCorr    .         Harm     .   (gloves currently unavailable)
MR       .....     NoTele   +   (boots currently unavailable)
Stlth    +++.......             s - amulet of the gourmand
Regen    0.3/turn               j - +2 ring of dexterity
MPRegen  0.2/turn               S - ring of protection from cold

@: agile, tree-form, slowed, very slow
A: negative energy resistance 1, petrification resistance, rot immunity, AC +8
a: Berserk, Trog's Hand, Brothers in Arms, Burn Spellbooks, Renounce Religion


You were on level 4 of the Lair of Beasts.
You worshipped Trog.
Trog was extremely pleased with you.
You were very full.
You were a tree.
You visited 2 branches of the dungeon, and saw 14 of its levels.

You collected 845 gold pieces.

Inventory:

Hand Weapons
 G - a +0 scimitar (weapon)
Missiles
 u - 2 throwing nets
 V - 9 tomahawks (quivered)
Armour
 p - a +0 plate armour (melded)
 J - a +0 shield (worn)
 Q - a +0 pair of gloves of archery (melded)
 T - a +0 helmet (melded)
Jewellery
 j - a +2 ring of dexterity (left branch)
 m - a cursed -3 ring of evasion {unknown}
 s - an amulet of the gourmand (around neck)
 R - an uncursed ring of protection from fire
 S - a ring of protection from cold (right branch)
Wands
 f - a wand of iceblast (4/15)
 g - a wand of lightning (5/15)
 w - a wand of iceblast (6/15)
 A - a wand of acid (2/15)
 C - a wand of iceblast (0/15)
 F - a wand of polymorph (10/24)
 H - a wand of paralysis (8/24)
Scrolls
 e - 2 scrolls of enchant armour {unknown}
 l - 7 scrolls of remove curse
 n - 2 scrolls of amnesia {unknown}
 r - 2 scrolls of fog {unknown}
 y - 4 scrolls of teleportation {unknown}
 B - 2 scrolls of fear {unknown}
 D - a scroll of random uselessness {unknown}
 E - 2 scrolls of blinking {unknown}
 I - 2 scrolls of magic mapping {unknown}
 N - a scroll of enchant weapon {unknown}
 O - 3 scrolls of recharging {unknown}
 P - a scroll of vulnerability {unknown}
 X - a scroll of identify
Potions
 h - 2 potions of might
 i - a potion of haste
 k - 5 potions of brilliance
 q - a potion of cancellation
 v - 3 potions of lignification
 K - 2 potions of magic
 L - a potion of invisibility
 M - 2 potions of curing
 U - a potion of resistance
 Z - a potion of ambrosia
Miscellaneous
 W - a phantom mirror
Comestibles
 c - 8 bread rations
 d - a chunk of flesh
 o - 8 royal jellies
 x - 16 fruits
 z - 7 meat rations


   Skills:
 - Level 7.2 Fighting
 - Level 14.0 Long Blades
 - Level 7.3 Armour
 - Level 1.5 Dodging
 + Level 11.3 Shields


You had 11 spell levels left.
You didn't know any spells.

Dungeon Overview and Level Annotations

Branches:
Dungeon (10/15)            Temple (0/1) D:6            Lair (4/6) D:10
  Snake (0/4) Lair:3          Orc (0/2) D:10
  Swamp: Lair:2-4    Shoals: Lair:2-4

Altars:
Cheibriados
Fedhas
Gozag
Kikubaaqudgha
Makhleb
Nemelex Xobeh
Sif Muna
Trog
Vehumet
Wu Jian
The Shining One

Shops:
D:4 !

Annotations:
Lair:1 exclusion: 3 oklob plants


Innate Abilities, Weirdness & Mutations

You are resistant to torment.
((Your stone body is resilient. (AC +8)))
You are immune to poison.
You resist negative energy. (rN+)
((You are resistant to electric shocks. (rElec)))
((You can survive without breathing.))
You are immune to petrification.
You are immune to rotting.


Message History

You closely miss the wolf.
The wolf is almost dead.
The wolf bites you but does no damage. You block the wolf's attack. x2
The bullfrog hits you but does no damage.
The wolf bites you but does no damage. You block the wolf's attack.
The spiny frog stings you!
* * * LOW HITPOINT WARNING * * *
The wolf bites you but does no damage.
Unknown command.
Okay, then.
You feel better. You block the wolf's attack.
The wolf bites you but does no damage. x2
The bullfrog hits you but does no damage.
The spiny frog stings you but does no damage.
The wolf bites you.
* * * LOW HITPOINT WARNING * * *
The wolf bites you but does no damage.
The bullfrog hits you but does no damage.
The wolf bites you but does no damage. The spiny frog stings you!
You die...

#..........###
#.............##
................#
#...............##
.............##..#
............###..#
..........##P..##
........F###..P#
......h♣#...##
.....#hhFh#..# ...
##.†.#..# .
#.......#
#..##...# #..#
#P.# ...# ###
#...# ...P


You could see a spiny frog, 4 wolves and a bullfrog.

Vanquished Creatures
  A hydra (Lair:4)
  A two-headed ogre (D:10)
  Nergalle (D:10)
  An unseen horror (D:10)
  2 oklob plants
  A black mamba (Lair:1)
  5 spiny frogs
  A rime drake (Lair:2)
  2 komodo dragons
  3 trolls
  Grinder (D:4)
  5 hippogriffs
  3 blink frogs (Lair:3)
  3 wyverns
  13 yaks
  Eustachio (D:5)
  2 basilisks
  A hungry ghost (D:7)
  3 nagas (Lair:3)
  Duvessa (D:4)
  9 water moccasins
  8 porcupines
  7 orc warriors
  A black bear (Lair:2)
  5 ogres
  A necrophage (D:10)
  2 sky beasts (D:5)
  2 ice beasts
  6 wolves
  The ghost of herpmino the Chopper, an amateur FoFi (D:4)
  3 centaurs
  5 crocodiles
  A big kobold (D:10)
  9 bullfrogs
  A gnoll sergeant (D:5)
  Dowan (D:4)
  4 scorpions
  An electric eel (Lair:3)
  4 wights (D:9)
  3 howler monkeys
  9 crimson imps
  2 quasits
  A bullfrog zombie (D:10)
  A bullfrog skeleton (D:5)
  8 hounds
  2 jellies
  3 orc wizards
  2 centaur skeletons
  7 orc priests
  An iguana (D:5)
  Terence (D:3)
  4 hell rats (Lair:3)
  5 worker ants
  A hound zombie (D:6)
  A hound skeleton (D:4)
  12 adders
  12 river rats (Lair:3)
  3 shadow imps
  An ooze (D:4)
  3 worms
  A dart slug (D:1)
  4 leopard geckos
  61 orcs
  4 bats
  4 giant cockroaches
  A goblin (D:1)
  6 hobgoblins
  10 jackals (D:6)
  11 kobolds
  10 quokkas
  4 frilled lizards
  A jackal skeleton (D:6)
  A jackal zombie (D:5)
  A leopard gecko zombie (D:6)
  A quokka skeleton (D:6)
  15 rats
  A fungus (Lair:1)
  2 plants (Lair:1)
342 creatures vanquished.

Vanquished Creatures (others)
  An orc (D:10)
  A bush (D:10)
  2 fungi
  8 plants
  19 toadstools (Lair:1)
31 creatures vanquished.

Grand Total: 373 creatures vanquished

Notes
Turn   | Place    | Note
-------+----------+-------------------------------------------
     0 | D:1      | HAL9000 the Gargoyle Berserker began the quest for the Orb.
     0 | D:1      | Reached XP level 1. HP: 14/14 MP: 1/1
    90 | D:1      | Reached skill level 3 in Long Blades
   133 | D:1      | Reached XP level 2. HP: 18/19 MP: 2/2
  1034 | D:2      | Reached XP level 3. HP: 6/23 MP: 3/3
  1650 | D:2      | Reached skill level 4 in Long Blades
  1948 | D:3      | Reached XP level 4. HP: 18/28 MP: 4/4
  2052 | D:3      | Noticed Terence
  2075 | D:3      | Killed Terence
  2076 | D:3      | Found a sparkling altar of Nemelex Xobeh.
  2480 | D:4      | Found Hadgha Xuiz's Distillery.
  2496 | D:4      | Reached skill level 5 in Long Blades
  2496 | D:4      | Reached XP level 5. HP: 32/32 MP: 5/5
  2592 | D:4      | Found a radiant altar of Vehumet.
  2595 | D:4      | Reached ** piety under Trog
  2865 | D:4      | Found a deep blue altar of Sif Muna.
  2865 | D:4      | Found an ancient bone altar of Kikubaaqudgha.
  2870 | D:4      | Identified Vehumet's Collected Works on Conjuration
  2984 | D:4      | Noticed an ogre
  2995 | D:4      | Killed an ogre
  2995 | D:4      | Reached skill level 6 in Long Blades
  2995 | D:4      | Reached XP level 6. HP: 17/37 MP: 6/6
  3546 | D:4      | Found an opulent altar of Gozag.
  3590 | D:4      | Noticed Grinder
  3595 | D:4      | Noticed Duvessa
  3604 | D:4      | Noticed Dowan
  3614 | D:4      | Killed Duvessa
  3614 | D:4      | Reached skill level 7 in Long Blades
  3614 | D:4      | Reached XP level 7. HP: 33/41 MP: 7/7
  3624 | D:4      | Killed Grinder
  3624 | D:4      | Reached skill level 8 in Long Blades
  3632 | D:4      | Killed Dowan
  3897 | D:4      | Reached XP level 8. HP: 19/46 MP: 8/8
  3923 | D:4      | Noticed herpmino's ghost (amateur FoFi)
  4232 | D:4      | Killed herpmino's ghost
  4430 | D:5      | Entered Level 5 of the Dungeon
  4447 | D:5      | Reached skill level 9 in Long Blades
  4504 | D:5      | Noticed Eustachio
  4591 | D:5      | Killed Eustachio
  4719 | D:5      | Reached skill level 10 in Long Blades
  5143 | D:5      | Reached XP level 9. HP: 38/51 MP: 9/9
  5628 | D:5      | Reached *** piety under Trog
  5957 | D:5      | Found an ornate altar of the Wu Jian Council.
  6102 | D:6      | Reached skill level 11 in Long Blades
  6262 | D:6      | Noticed a troll
  6282 | D:6      | Killed a troll
  6796 | D:6      | Found a bloodstained altar of Trog.
  7007 | D:6      | Found a glowing golden altar of the Shining One.
  7082 | D:6      | Found a staircase to the Ecumenical Temple.
  7856 | D:7      | Received a gift from Trog
  8103 | D:8      | Reached skill level 5 in Fighting
  8132 | D:8      | Reached XP level 10. HP: 44/59 MP: 10/10
  8422 | D:8      | Reached skill level 12 in Long Blades
  8946 | D:9      | Found a snail-covered altar of Cheibriados.
  8966 | D:9      | Reached skill level 5 in Armour
  9990 | D:9      | Reached **** piety under Trog
 10229 | D:10     | Entered Level 10 of the Dungeon
 10460 | D:10     | Found a staircase to the Orcish Mines.
 10621 | D:10     | Reached XP level 11. HP: 37/66 MP: 11/11
 10626 | D:10     | Reached skill level 13 in Long Blades
 10904 | D:10     | Found a staircase to the Lair.
 10977 | D:10     | Noticed a two-headed ogre
 10989 | D:10     | Killed a two-headed ogre
 10995 | D:10     | Noticed Nergalle
 11478 | D:10     | Killed Nergalle
 11655 | D:10     | Received a gift from Trog
 12270 | D:10     | Killed an unseen horror
 12329 | Lair:1   | Entered Level 1 of the Lair of Beasts
 12413 | Lair:1   | Reached skill level 5 in Shields
 12529 | Lair:1   | Found a blossoming altar of Fedhas.
 12547 | Lair:1   | Noticed an oklob plant
 12591 | Lair:1   | Killed an oklob plant
 12898 | Lair:1   | Noticed an oklob plant
 12898 | Lair:1   | Noticed an oklob plant
 12898 | Lair:1   | Noticed an oklob plant
 13822 | Lair:2   | Found a burning altar of Makhleb.
 14027 | Lair:2   | Reached XP level 12. HP: 49/72 MP: 12/12
 15018 | Lair:2   | Reached skill level 14 in Long Blades
 15268 | Lair:3   | Reached ***** piety under Trog
 15602 | Lair:3   | Reached skill level 10 in Shields
 15846 | Lair:3   | Found a staircase to the Snake Pit.
 16554 | Lair:4   | Noticed a six-headed hydra
 16572 | Lair:4   | Killed a 16-headed hydra
 16595 | Lair:4   | HP: 1/108 [spiny frog (10)]
 16596 | Lair:4   | Mangled by a spiny frog

Vault maps used:
D:1:      dpeg_arrival_tiny_c
D:2:      wad_lake_hut
D:3:      nemelex_xobeh_ov_fountains_minmay, uniq_terence
D:4:      mumra_celtic_spiral_tile, grunt_temple_overflow_magic_moments,
          old_standard_altar, serial_shops, shop_fountains, uniq_grinder,
          uniq_duvessa
D:5:      marbit_many_paths, cheibrodos_sewer_entry_bend, first_bread,
          grunt_ministairs_8, kennysheep_generic_room_7, uniq_eustachio
D:6:      tso_oasis_becter, minmay_temple_entry_trees,
          minmay_misc_feat_enclosed, trog_three_pillars_becter
D:9:      cheibrodos_worm_habitat, serial_glass, glass_columns_c,
          glass_columns_b, minmay_misc_feat_alley
D:10:     minmay_lair_entry_grove, hiddenorc1_lemuel, uniq_nergalle
Lair:1:   tgw_fedhas, minmay_lair_oklob_chamber, grunt_megastairs_5
Lair:2:   minmay_guarded_unrand_snakebite, basic_altar,
          nicolae_volcano_entry_hallway, minmay_holes, beast_lair_carwin_5
Lair:3:   lemuel_ratsnest, minmay_snake_entry_guardpost_small,
          serial_bayou_pond_c
Lair:4:   minmay_swamp_entry_wisps

Skill      XL: |  1  2  3  4  5  6  7  8  9 10 11 12 |
---------------+-------------------------------------+-----
Long Blades    | 3 4 5 6 7 8 10 11 12 13 14 | 14.0
Fighting       | 5 6 7 |  7.2
Armour         | 4 6 7 |  7.3
Shields        | 7 11 | 11.3
Dodging        | |  1.5

Action                   |  1- 3 |  4- 6 |  7- 9 | 10-12 || total
-------------------------+-------+-------+-------+-------++-------
Melee: Falchion          |   143 |   127 |   429 |       ||   699
       Long sword        |       |       |   111 |   161 ||   272
       Great sword       |       |       |       |   164 ||   164
       Scimitar          |       |       |       |   792 ||   792
Throw: Tomahawk          |       |       |       |     3 ||     3
Invok: Berserk           |     1 |     2 |     5 |     7 ||    15
       Trog's Hand       |       |       |     3 |     5 ||     8
Evoke: Wand              |       |     1 |       |     4 ||     5
  Use: Scroll            |     2 |     2 |     8 |     7 ||    19
       Potion            |       |       |     1 |     5 ||     6
  Eat: Chunk             |     3 |    13 |    26 |    43 ||    85
       Fruit             |       |       |     3 |       ||     3
Armor: Scale mail        |    50 |       |       |       ||    50
       Animal skin       |     2 |       |       |       ||     2
       Plate armour      |    60 |    93 |   419 |   743 ||  1315
       Skin              |       |       |       |    48 ||    48
Dodge: Dodged            |    61 |    50 |   171 |   268 ||   550
Block: Shield            |       |       |       |   385 ||   385
       Rpst.: Falchion   |    20 |    14 |    43 |       ||    77
       Long sword        |       |       |    12 |    12 ||    24
       Great sword       |       |       |       |    16 ||    16
       Scimitar          |       |       |       |    40 ||    40
